 Dungeon Crawl Stone Soup version 0.21.1-1-g345015f (webtiles) character file.

102 miragecloak the Cudgeler (level 4, 0/28 HPs)
             Began as a Gargoyle Abyssal Knight on Mar 6, 2018.
             Was a Believer of Lugonu.
             Fell down a flight of stairs (1 damage)
             ... on level 2 of the Dungeon.
             The game lasted 00:02:37 (2466 turns).

miragecloak the Cudgeler (Gargoyle Abyssal Knight)  Turns: 2466, Time: 00:02:38

Health: 0/28       AC:  7    Str: 16    XL:     4   Next: 77%
Magic:  5/5        EV: 11    Int: 12    God:    Lugonu [**....]
Gold:   91         SH:  0    Dex: 10    Spells: 3/3 levels left

rFire    . . .     SeeInvis .   e - +1 short sword (speed)
rCold    . . .     Gourm    .   (no shield)
rNeg     + . .     Faith    .   b - +0 leather armour
rPois    ∞         Spirit   .   d - +0 hat
rElec    +         Reflect  .   (no cloak)
rCorr    .         Harm     .   (no gloves)
MR       .....                  r - +0 pair of boots
Stlth    ..........             (no amulet)
HPRegen  0.09/turn              (no ring)
MPRegen  0.09/turn              (no ring)

@: confused
A: negative energy resistance 1, electricity resistance, unbreathing,
petrification resistance, rot immunity, AC +3
a: Depart the Abyss, Bend Space, Renounce Religion


You were on level 2 of the Dungeon.
You worshipped Lugonu.
Lugonu was pleased with you.
You were not hungry.

You visited 1 branch of the dungeon, and saw 2 of its levels.
You visited the Abyss 1 time.

You collected 91 gold pieces.

Inventory:

Hand Weapons
 a - a +1 mace
 e - a +1 short sword of speed (weapon)
Armour
 b - a +0 leather armour (worn)
 d - a +0 hat (worn)
 k - a cursed +0 ring mail
 r - a +0 pair of boots (worn)
Scrolls
 f - 4 scrolls of immolation {unknown}
 g - a scroll of magic mapping {unknown}
 j - a scroll of teleportation {unknown}
 l - 3 scrolls of identify {unknown}
 q - a scroll of fear {unknown}
Potions
 h - 2 potions of lignification {unknown}
 i - a potion of curing {unknown}
 m - a potion of brilliance {unknown}
 n - a potion of haste {unknown}
 o - a potion of cancellation {unknown}
Comestibles
 c - 8 rations


   Skills:
 - Level 3.2 Fighting
 + Level 4.8 Maces & Flails
 - Level 2.1 Armour
 - Level 0.7 Dodging
 - Level 2.0 Invocations


You had 3 spell levels left.
You didn't know any spells.

Dungeon Overview and Level Annotations

Branches:
Dungeon (2/15)

Altars:

Annotations:
D:2 Sigmund


Innate Abilities, Weirdness & Mutations

You are resistant to torment.
Your stone body is resilient. (AC +3)
You are immune to poison.
You resist negative energy. (rN+)
You are resistant to electric shocks. (rElec)
You can survive without breathing.
You are immune to petrification.
You are immune to rotting.


Message History

You hit Sigmund.
Sigmund is lightly wounded.
Sigmund hits you but does no damage. Sigmund casts a spell at you.
The puff of flame hits you!
* * * LOW HITPOINT WARNING * * *
Okay, then.
Unknown command.
Sigmund casts a spell at you. You resist with some effort.
You see here a club.
Sigmund gestures at you while chanting. The puff of flame hits you!
* * * LOW HITPOINT WARNING * * *
There is a stone staircase leading up here.
You see here 3 stones.
Sigmund gestures at you while chanting.
You are confused.
In your confused state, you trip and fall back down the stairs.
You die...

#.......###########.##.#....#
#..........# #.......#.#
#..........# #@......#.#
#......<...# #.##.......
#.......#### #.###...###
###.......#########.####..#
#.#...#.#......#@.......##
#.#####.#))..)...........##
#....# #.@............#.#.
#.##.# #.)(.............>.
#.#..##.#......#.#..##.#...
#.....h.#......###..##.#..#
###@#####......# #........#
#r# ######## ##.#.###.# #.#
#.#.###.# #.# #########
#.......# ###r### #...)...#
###.#####


You could see Sigmund.

Vanquished Creatures
  Robin (D:1)
  3 adders (D:2)
  An ooze (D:1)
  3 dart slugs (D:1)
  A leopard gecko (D:1)
  2 giant cockroaches
  8 hobgoblins
  4 jackals (D:2)
  A quokka (D:2)
  4 bats
  3 frilled lizards (D:2)
  8 goblins
  6 kobolds
  9 rats
54 creatures vanquished.

Notes
Turn   | Place    | Note
-------+----------+-------------------------------------------
     0 | Abyss:1  | miragecloak the Gargoyle Abyssal Knight began the quest for the Orb.
     0 | Abyss:1  | Reached XP level 1. HP: 14/14 MP: 2/2
    68 | Abyss:1  | Noticed a large abomination
    68 | D:1      | Escaped the Abyss
   201 | D:1      | Reached XP level 2. HP: 14/19 MP: 3/3
   700 | D:1      | Reached skill level 3 in Maces & Flails
   829 | D:1      | Reached * piety under Lugonu
  1158 | D:1      | Reached XP level 3. HP: 20/23 MP: 4/4
  1510 | D:2      | Noticed Robin
  1625 | D:1      | Killed Robin
  1625 | D:1      | Reached skill level 4 in Maces & Flails
  1635 | D:1      | Reached XP level 4. HP: 24/28 MP: 5/5
  1778 | D:2      | Noticed Sigmund
  2116 | D:2      | Reached ** piety under Lugonu
  2464 | D:2      | HP: 1/28 [Sigmund/puff of flame (8)]
  2466 | D:2      | Fell down a flight of stairs

Skill      XL: |  1  2  3 |
---------------+----------+-----
Maces & Flails | 3 4 |  4.8
Fighting       | |  3.2
Armour         | |  2.1
Dodging        | |  0.7
Invocations    | |  2.0

Action                   |  1- 3 |  4- 6 || total
-------------------------+-------+-------++-------
Melee: Short sword       |   115 |   115 ||   230
       Mace              |     3 |       ||     3
Invok: Depart the Abyss  |     1 |       ||     1
  Eat: Chunk             |     2 |     3 ||     5
Armor: Leather armour    |    38 |    47 ||    85
Dodge: Dodged            |    58 |    86 ||   144
